 Dungeon Crawl Stone Soup version 0.30.1-4-g462c640d31 (webtiles) character file.

Game seed: 4948841197579733211

12629 Cheops the Summoner (level 11, -8/74 HPs)
             Began as a Purple Draconian Summoner on Sept 8, 2023.
             Was a Priest of the Shining One.
             Killed by divine providence
             ... invoked by a smoke demon
              (15 damage)
             ... on level 11 of the Dungeon on Sept 9, 2023.
             The game lasted 01:37:12 (15899 turns).

Cheops the Summoner (Purple Draconian Summoner)    Turns: 15899, Time: 01:37:12

Health: -8/74      AC: 11    Str: 10    XL:     11   Next: 65%
Magic:  16/23      EV: 16    Int: 20    God:    the Shining One [***...]
Gold:   80         SH:  3    Dex: 12    Spells: 1/26 levels left

rFire   . . .        a - +1 dagger (venom)
rCold   . . .        k - -2 buckler
rNeg    + . .        (body armour unavailable)
rPois   .            (helmet restricted)
rElec   .            l - +0 cloak
rCorr   +            q - +1 pair of gloves
SInv    .            x - +0 pair of boots
Will    +....        (no amulet)
Stlth   +            s - ring of resist corrosion
HPRegen 0.32/turn    u - +5 ring of evasion
MPRegen 0.18/turn

%: no passive effects
@: glowing
A: breathe power, AC +7, unfitting armour, cold-blooded
a: Breathe Dispelling Energy, Renounce Religion, Divine Shield, Cleansing Flame


You were on level 11 of the Dungeon.
You worshipped the Shining One.
The Shining One was most pleased with you.
You visited 2 branches of the dungeon, and saw 12 of its levels.

You collected 628 gold pieces.
You spent 548 gold pieces at shops.

Inventory:

Hand Weapons
 a - a +1 dagger of venom (weapon)
 c - a +3 war axe of freezing
 d - a +0 rapier of venom
 G - a +1 dagger of flaming
 J - a +3 dagger
Missiles
 w - 2 throwing nets
Armour
 j - a +2 pair of gloves of infusion
 k - a -2 buckler (worn)
 l - a +0 cloak (worn)
 q - a +1 pair of gloves (worn)
 x - a +0 pair of boots (worn)
Magical Staves
 C - a staff of death
 F - a staff of air
Jewellery
 s - a ring of resist corrosion (left hand)
 u - a +5 ring of evasion (right hand)
 A - the ring "Fudoaqao" {Fire rElec}
   (You took it off an orc wizard on level 7 of the Dungeon)

   [ring of fire]

   It enhances your fire magic.
   rF:        It protects you from fire.
   rC:        It makes you vulnerable to cold.
   rElec:     It insulates you from electricity.
Wands
 z - a wand of polymorph (8)
 I - a wand of flame (19)
 K - a wand of iceblast (8)
 M - a wand of digging (2)
Scrolls
 i - a scroll of immolation
 m - a scroll of enchant weapon
 n - 3 scrolls of enchant armour
 o - 2 scrolls of silence
 r - a scroll of magic mapping
 v - a scroll of brand weapon
 y - a scroll of fear
 B - 4 scrolls of identify
 D - a scroll of vulnerability
 L - 2 scrolls of poison
 N - a scroll of fog
Potions
 b - 2 potions of cancellation
 e - 3 potions of berserk rage
 f - 2 potions of ambrosia
 g - 3 potions of lignification
 h - 2 potions of curing
 p - 3 potions of flight
 t - 2 potions of brilliance
 E - 3 potions of mutation
 H - a potion of attraction


   Skills:
 - Level 1.7 Dodging
 - Level 1.7 Stealth
 - Level 5.0 Shields
 - Level 8.0 Spellcasting
 - Level 4.0 Conjurations
 - Level 7.0 Hexes
 * Level 11.2 Summonings
 - Level 4.0 Fire Magic
 - Level 6.0 Air Magic
 - Level 8.0 Invocations
 - Level 2.0 Evocations


You had one spell level left.
You knew the following spells:

 Your Spells              Type           Power      Damage    Failure   Level
a - Foxfire               Conj/Fire      96%        2x1d8     2%          1
b - Summon Guardian Gole  Hex/Summ       44%        N/A       1%          3
c - Call Canine Familiar  Summ           52%        N/A       1%          3
g - Summon Cactus Giant   Summ           26%        N/A       19%         6
i - Summon Ice Beast      Ice/Summ       30%        N/A       12%         4
l - Summon Lightning Spi  Summ/Air       42%        N/A       3%          4
m - Summon Small Mammal   Summ           100%       N/A       1%          1
D - Tukima's Dance        Hex            36%        N/A       1%          3

Your spell library contained the following spells:

 Spells                   Type           Power      Damage    Failure   Level
 Magic Dart               Conj           96%        1d7       2%          1
 Apportation              Tloc           16%        N/A       12%         1
 Necrotise                Necr           32%        1d5       12%         1
 Sting                    Tmut/Pois      32%        1d4       12%         1
 Call Imp                 Summ           100%       N/A       1%          2
 Static Discharge         Conj/Air       56%        2-5/arc   2%          2
 Scorch                   Fire           48%        2d7       3%          2
 Inner Flame              Hex/Fire       30%        N/A       3%          3
 Poisonous Vapours        Pois/Air       40%        N/A       5%          2
 Portal Projectile        Hex/Tloc       44%        N/A       9%          3
 Mephitic Cloud           Conj/Pois/Air  21%        N/A       10%         3
 Airstrike                Air            16%        2d(3-19)  10%         4
 Vhi's Electric Charge    Tloc/Air       40%        N/A       11%         3
 Sublimation of Blood     Necr           8%         N/A       19%         2
 Flame Wave               Conj/Fire      24%        2d8       22%         4
 Frozen Ramparts          Ice            16%        1d3       34%         3
 Arcjolt                  Conj/Air       14%        1d24      38%         5
 Fireball                 Conj/Fire      12%        3d7       54%         5
 Freezing Cloud           Conj/Ice/Air   10%        6-21      65%         5
 Ice Form                 Ice/Tmut       8%         N/A       75%         4
 Olgreb's Toxic Radiance  Pois           8%         N/A       75%         4
 Petrify                  Tmut/Erth      8%         N/A       75%         4
 Irradiate                Conj/Tmut      8%         3d14      82%         5
 Blade Hands              Tmut           4%         N/A       97%         5
 Eringya's Noxious Bog    Tmut/Pois      4%         N/A       100%        6
 Maxwell's Capacitive Co  Air            16%        ∞         100%        8


Dungeon Overview and Level Annotations

Branches:
Dungeon (11/15)            Temple (1/1) D:4            Lair (0/5) D:8
    Orc: D:9-12

Altars:
Ashenzari
Cheibriados
Dithmenos
Elyvilon
Fedhas
Gozag
Hepliaklqana
Kikubaaqudgha
Makhleb
Nemelex Xobeh
Okawaru
Qazlal
Ru
Sif Muna
Trog
Uskayaw
Vehumet
Wu Jian
Xom
Yredelemnul
Zin
The Shining One

Shops:
D:1 !![?   D:4 !   D:5 ?:[=*   D:7 ?   D:9 ?   D:11 [(=?


Innate Abilities, Weirdness & Mutations

You can breathe bolts of dispelling energy.
Your rich purple scales are hard. (AC +7)
You cannot fit into any form of body armour.
You are cold-blooded and may be slowed by cold attacks.


Message History

The troll dies!
You hear the faint crackling of a melting archway very nearby.
You see here a wolf corpse.
You enter the shallow water.
Moving in this stuff is going to be slow.
You enter the shallow water.
Moving in this stuff is going to be slow.
Found two stone staircases leading down and a stone staircase leading up.
Found an escape hatch in the ceiling.
Your lightning spire disappears in a puff of smoke!
Your cactus giant disappears in a puff of smoke!
Found a scroll of enchant weapon.
A smoke demon comes into view.
Found a burning altar of Makhleb.
The smoke demon roars!
The smoke demon gestures at you. Something smites you!
* * * LOW HITPOINT WARNING * * *
The smoke demon gestures at you. Something smites you!
* * * LOW HITPOINT WARNING * * *
Your ice beast hits the smoke demon.
Your ice beast freezes the smoke demon!
The smoke demon gestures at you. Something smites you!
* * * LOW HITPOINT WARNING * * *
Your ice beast hits the smoke demon.
Your ice beast freezes the smoke demon!
The smoke demon gestures at you.
The sticky flame hits you but does no damage.
You are covered in liquid flames!
Your ice beast hits the smoke demon.
Your ice beast freezes the smoke demon!
You are covered in liquid flames!
* * * LOW HITPOINT WARNING * * *
You are covered in liquid flames!
* * * LOW HITPOINT WARNING * * *
You feel better.
You are covered in liquid flames!
* * * LOW HITPOINT WARNING * * *
The smoke demon gestures at you. Something smites you!
You die...

..........# ≈.......≈≈.#
≈..._...≈§.# ≈.....?.≈≈§#
≈≈.....≈≈..# .≈§≈.§≈§...#
######## ..§§8≈≈....#
#..<...# ....§......#
##......### .......Y3..#
#..@......# .. ...........#
#......~..###.#.
...........###...~~~≈.......#
...........#...~~~~≈≈........
....#####..Y3...~~~~≈........
#..# #.......~~~~≈~.......
#.. #<.......~~~......... ##.
#...>...~...~..#..## #.
#...>.......†....##


You could see a smoke demon (ally target) and a friendly ice beast (summoned).

Vanquished Creatures
  An ugly thing (D:10)
  Maggie (D:8)
  A komodo dragon (D:11)
  A hornet (D:7)
  Grinder (D:6)
  A nameless horror (D:4)
  2 wyverns
  A yak (D:8)
  A vampire mosquito (D:10)
  An orc warrior (D:8)
  A centaur (D:8)
  A kobold brigand (D:9)
  A scorpion (D:3)
  2 wights (D:8)
  5 killer bees
  A howler monkey (D:4)
  A hound (D:7)
  An orc priest (D:6)
  3 iguanas
  4 orc wizards
  6 gnolls
  2 adders
  2 river rats
  A shadow imp (D:5)
  An ufetubus (D:5)
  A worm (D:4)
  A dart slug (D:3)
  10 orcs
  2 endoplasms (D:2)
  A giant cockroach (D:1)
  3 hobgoblins
  A quokka (D:4)
  2 ball pythons (D:3)
  2 bats
  5 kobolds
  4 rats
75 creatures vanquished.

Vanquished Creatures (collateral kills)
  Erica (D:9)
  A nameless horror (D:9)
  A manticore (D:11)
  A gargoyle (D:6)
  An unseen horror (D:9)
  2 trolls
  A shadow (D:9)
  A centaur simulacrum (D:11)
  A vampire (D:7)
  4 wyverns
  5 yaks
  14 vampire mosquitoes (D:10)
  An acid dragon (D:10)
  Duvessa (D:6)
  3 water moccasins (D:8)
  2 ice beasts (D:5)
  2 black bears
  An orc warrior (D:4)
  2 ogres
  3 centaurs
  2 wolves (D:11)
  A phantom (D:6)
  3 kobold brigands
  2 bullfrogs
  A gnoll sergeant (D:5)
  4 scorpions
  8 wights (D:8)
  Dowan (D:6)
  7 killer bees (D:9)
  A howler monkey (D:6)
  4 orc priests
  6 hounds
  3 gnoll boudas
  2 sleepcaps (D:5)
  5 orc wizards
  An iguana (D:6)
  13 gnolls
  5 adders
  A river rat (D:4)
  A shadow imp (D:8)
  A white imp (D:7)
  4 worms
  36 orcs
  4 endoplasms
  A giant cockroach (D:1)
  3 goblins
  A jackal (D:4)
  A quokka (D:5)
  A ball python (D:4)
  2 bats
  2 frilled lizards
  12 kobolds
  A rat (D:3)
188 creatures vanquished.

Vanquished Creatures (others)
  A gargoyle (D:7)
  A dancing weapon (D:7)
  A howler monkey (D:7)
  11 foxfires
14 creatures vanquished.

Grand Total: 277 creatures vanquished

Notes
Turn   | Place    | Note
-------+----------+-------------------------------------------
     0 | D:1      | Cheops the Draconian Summoner began the quest for the Orb.
     0 | D:1      | Reached XP level 1. HP: 14/14 MP: 3/3
   213 | D:1      | Found a faded altar of an unknown god.
   481 | D:1      | Found Toecroam's Armour Shop.
   487 | D:1      | Found Yrghol's Magic Scroll Emporium.
   495 | D:1      | Reached XP level 2. HP: 20/20 MP: 3/5
   527 | D:1      | Found Pulod's Distillery.
   534 | D:1      | Bought a potion of curing for 33 gold pieces
   656 | D:1      | Found Iheipru's Distillery.
   936 | D:2      | Learned a level 2 spell: Call Imp
  1884 | D:3      | Reached XP level 3. HP: 26/26 MP: 1/7
  1888 | D:3      | Learned a level 3 spell: Call Canine Familiar
  2624 | D:3      | Reached skill level 5 in Summonings
  2624 | D:3      | Reached XP level 4. HP: 11/33 MP: 0/8
  3037 | D:3      | Identified a scroll of acquirement
  3089 | D:4      | Noticed a scorpion
  3106 | D:4      | Killed a scorpion
  3107 | D:4      | Reached XP level 5. HP: 38/38 MP: 2/9
  3113 | D:4      | Learned a level 4 spell: Summon Lightning Spire
  3132 | D:4      | Noticed Edmund
  3142 | D:4      | Found a staircase to the Ecumenical Temple.
  3156 | Temple   | Entered the Ecumenical Temple
  3175 | Temple   | Reached skill level 1 in Air Magic
  3409 | D:4      | Found Jaxoo's Distillery.
  3411 | D:4      | Bought a potion of heal wounds for 50 gold pieces
  3411 | D:4      | Bought a potion of degeneration for 10 gold pieces
  3411 | D:4      | Bought a potion of might for 40 gold pieces
  3411 | D:4      | Bought a potion of lignification for 30 gold pieces
  3423 | D:4      | Reached skill level 6 in Summonings
  3604 | D:3      | Reached XP level 6. HP: 19/45 MP: 2/10
  3700 | D:3      | Acquired the Encyclopedia of Embers and Impulse
  3704 | D:3      | Learned a level 1 spell: Foxfire
  4041 | D:4      | Noticed a nameless horror
  4087 | D:4      | Edmund changed into Edmund the worm
  4087 | D:4      | Noticed Edmund
  4095 | D:3      | Killed Edmund the worm
  4271 | D:4      | Killed a nameless horror
  4682 | D:4      | Noticed an orc warrior
  4694 | D:4      | Killed an orc warrior
  4695 | D:4      | Reached skill level 5 in Air Magic
  4695 | D:4      | Your scales start taking on a rich purple colour.
  4695 | D:4      | Reached XP level 7. HP: 45/50 MP: 5/13
  5445 | D:5      | Entered Level 5 of the Dungeon
  5445 | D:5      | Found Zisir's Antique Armour Boutique.
  5454 | D:5      | Reached skill level 1 in Conjurations
  5454 | D:5      | Reached skill level 1 in Fire Magic
  5838 | D:5      | Bought a pair of boots for 108 gold pieces
  5852 | D:5      | Reached XP level 8. HP: 40/57 MP: 3/14
  6092 | D:5      | Found Najeus's Assorted Antiques.
  6196 | D:1      | Bought a scroll of fear for 52 gold pieces
  6196 | D:1      | Bought a scroll of identify for 26 gold pieces
  6442 | D:5      | Reached skill level 5 in Spellcasting
  6572 | D:5      | Found Zuymesol's Book Shoppe.
  6611 | D:5      | Found Xycosu's Jewellery Emporium.
  6669 | D:5      | Learned a level 3 spell: Summon Guardian Golem
  6820 | D:5      | Found Anuotaon's Magic Scroll Shoppe.
  6863 | D:5      | Bought a scroll of identify for 24 gold pieces
  6863 | D:5      | Bought a scroll of identify for 24 gold pieces
  6868 | D:6      | Noticed Grinder
  6965 | D:6      | Reached skill level 1 in Hexes
  7057 | D:6      | Noticed Dowan
  7127 | D:6      | Noticed Duvessa
  7136 | D:6      | Killed Dowan
  7142 | D:6      | Killed Duvessa
  7497 | D:6      | Killed Grinder
  7498 | D:6      | Reached skill level 5 in Hexes
  7498 | D:6      | Reached XP level 9. HP: 47/62 MP: 10/16
  7937 | D:6      | Learned a level 3 spell: Tukima's Dance
  8131 | Temple   | Became a worshipper of the Shining One
  8382 | D:7      | Found a broken altar of Ashenzari.
  8547 | D:7      | Found a hazy altar of Hepliaklqana.
  8697 | D:7      | Reached skill level 5 in Invocations
  8753 | D:7      | Found Zuceih's Magic Scroll Emporium.
  8806 | D:7      | Found a shimmering blue altar of Sif Muna.
  8995 | D:7      | Noticed a gargoyle
  9021 | D:7      | Noticed a gargoyle
  9028 | D:7      | Killed a gargoyle
  9182 | D:6      | Killed a gargoyle
  9496 | D:7      | Noticed a troll
  9511 | D:7      | Killed a troll
  9512 | D:7      | Reached XP level 10. HP: 69/69 MP: 12/17
  9602 | D:7      | The Shining One protects you from harm!
  9605 | D:7      | HP: 2/69 [something (3)]
  9999 | D:7      | Identified the ring "Fudoaqao" {Fire rElec}
 10044 | D:7      | Got the Discourse on the Metamorphic Dose
 10062 | D:7      | Found Zuceih's Magic Scroll Emporium.
 10097 | D:7      | Found a shimmering blue altar of Sif Muna.
 10121 | D:7      | Found a hazy altar of Hepliaklqana.
 10220 | D:7      | Found a broken altar of Ashenzari.
 10730 | D:7      | Found Zuceih's Magic Scroll Emporium.
 10961 | D:7      | Found a shimmering blue altar of Sif Muna.
 11012 | D:7      | Found a hazy altar of Hepliaklqana.
 11102 | D:7      | Found a broken altar of Ashenzari.
 11451 | D:8      | Learned a level 6 spell: Summon Cactus Giant
 11477 | D:8      | Reached skill level 7 in Summonings
 11595 | D:8      | Noticed Maggie
 11614 | D:8      | Killed Maggie
 11703 | D:8      | Reached * piety under the Shining One
 11718 | D:8      | Reached skill level 8 in Summonings
 12080 | D:8      | Found a sparkling altar of Nemelex Xobeh.
 12127 | D:8      | Found a hide-covered altar of Uskayaw.
 12283 | D:8      | Reached skill level 9 in Summonings
 12319 | D:8      | Found a staircase to the Lair.
 12859 | D:5      | Bought 2 bubbling orange potions for 43 gold pieces
 12895 | D:5      | Bought a scroll of poison for 48 gold pieces
 12963 | D:9      | Reached skill level 10 in Summonings
 13028 | D:9      | Noticed Erica
 13039 | D:9      | Killed Erica
 13168 | D:9      | Reached XP level 11. HP: 64/74 MP: 12/20
 13360 | D:9      | Reached ** piety under the Shining One
 13369 | D:9      | Reached skill level 11 in Summonings
 13506 | D:9      | Found Tuoxoaff's Magic Scroll Shop.
 13510 | D:9      | Bought a scroll of fog for 60 gold pieces
 13618 | D:9      | Noticed a nameless horror
 14167 | D:9      | Killed a nameless horror
 14369 | D:10     | Entered Level 10 of the Dungeon
 14387 | D:10     | Found a blossoming altar of Fedhas.
 14428 | D:10     | Reached skill level 1 in Shields
 14552 | D:10     | Noticed a purple ugly thing
 14566 | D:10     | Killed a purple ugly thing
 14608 | D:10     | Found an ornate altar of the Wu Jian Council.
 14610 | D:10     | Found a glowing silver altar of Zin.
 15420 | D:10     | Reached *** piety under the Shining One
 15436 | D:10     | Reached skill level 5 in Shields
 15718 | D:11     | Found Vifibuq's Jewellery Boutique.
 15718 | D:11     | Found Foimois's Armour Shop.
 15718 | D:11     | Found Uxkickac's Weapon Emporium.
 15723 | D:11     | Found Murchues's Magic Scroll Shoppe.
 15749 | D:11     | Reached skill level 1 in Evocations
 15754 | D:11     | Learned a level 4 spell: Summon Ice Beast
 15884 | D:11     | Found a burning altar of Makhleb.
 15899 | D:11     | Killed from afar by a smoke demon

Illustrated notes

Levels and vault maps discovered:
D:1:      lightli_arrival_chessboard, layout_basic, serial_shops,
          nicolae_shop_scrapyard, shop, shop, shop,
          ebering_ecumenical_altar_abandoned
D:2:      layout_loops_ring, serial_bayou_ford_a, minmay_tromino_v4_b
D:3:      minmay_general_purpose_star, layout_loops_ring
D:4:      layout_cave_pools, minmay_temple_entry_stoned_glass,
          lightli_sewer_entry_pipes, serial_shops, nicolae_diamond_shop,
          kennysheep_diamond, guppyfry_early_orc_mine, uniq_edmund
D:5:      layout_rooms, serial_shops, nicolae_shop_dealshenge, shop,
          nicolae_stop_n_shop_1, kennysheep_mini_moat, nicolae_stop_n_shop_1,
          dreamdust_mushroom_princess
D:6:      layout_basic, uniq_grinder, uniq_duvessa
D:7:      minmay_blocky_corners, layout_loops_ring, nicolae_ashenzari_skybound,
          mainiacjoe_overflow_paths, mainiacjoe_overflow_24_doors, serial_shops,
          shop_fountains, minmay_diced_spiral
D:8:      layout_loops_ring, mainiacjoe_overflow_boulevard, marbit_many_paths,
          minmay_lair_entry_grove, kennysheep_generic_room_8, uniq_maggie
D:9:      layout_rooms, serial_shops, nicolae_shop_back_alley_shop, uniq_erica
D:10:     layout_gridville, grunt_temple_overflow_open
D:11:     layout_rooms, david_orc_2, serial_shops, nicolae_shop_statue_plus,
          shop, shop, shop, kennysheep_little_box, serial_ice, serial_ice_d,
          serial_ice_o, serial_ice_f, serial_ice_a,
          portal_ice_cave_entry_pillars_2, demons_altar
Temple:   nicolae_temple_two_arcs

Skill      XL: |  1  2  3  4  5  6  7  8  9 10 11 |
---------------+----------------------------------+-----
Spellcasting   | 3 4 5 6 8 |  8.0
Summonings     | 5 6 10 11 | 11.2
Air Magic      | 3 5 6 |  6.0
Conjurations   | 2 4 |  4.0
Fire Magic     | 2 4 |  4.0
Hexes          | 5 7 |  7.0
Invocations    | 8 |  8.0
Shields        | 5 |  5.0
Evocations     | 2 |  2.0
Dodging        | |  1.7
Stealth        | |  1.7

Action                     |  1- 3 |  4- 6 |  7- 9 | 10-12 || total
---------------------------+-------+-------+-------+-------++-------
  Melee: Unarmed           |    40 |       |       |       ||    40
         Tailslap          |     2 |    13 |    46 |    44 ||   105
         Staff             |    33 |    99 |    39 |       ||   171
         Punch             |       |     1 |     3 |     6 ||    10
         Rapier            |       |       |   125 |       ||   125
         Dagger            |       |       |    60 |   212 ||   272
   Cast: Summon Small Mamm |    10 |     2 |       |       ||    12
         Call Imp          |    11 |    13 |     6 |       ||    30
         Call Canine Famil |     4 |    15 |    27 |    17 ||    63
         Summon Lightning  |       |     5 |    29 |    36 ||    70
         Tukima's Dance    |       |       |     1 |       ||     1
         Summon Guardian G |       |       |     1 |       ||     1
         Foxfire           |       |       |       |     6 ||     6
         Summon Cactus Gia |       |       |       |     9 ||     9
         Summon Ice Beast  |       |       |       |     1 ||     1
Ability: Breathe Dispellin |       |       |     1 |       ||     1
  Evoke: Wand              |       |     2 |       |     2 ||     4
    Use: Scroll            |     4 |     7 |    11 |     5 ||    27
         Potion            |       |     6 |       |     4 ||    10
   Stab: Distracted        |     1 |     2 |     2 |       ||     5
         Sleeping          |       |       |     2 |       ||     2
 Armour: Skin              |    31 |    76 |    97 |   121 ||   325
  Dodge: Dodged            |    63 |   108 |   240 |   359 ||   770
  Block: Buckler           |       |       |       |     9 ||     9
